Unix NetHack Version 5.0.0-0 post-release - last build Jun 10 2026 00:39:30 (3ee93aec679c4c4259841fe613dc97188e26a321,branch:main).

Game began 2026-07-10 15:05:55, ended 2026-07-10 17:15:02.

Jamofthetoe, lawful female dwarven Valkyrie

  -----         ---------
  |<..--    -----.......--
  |.....---|......[..--..|        )
  --..|....|.---------|..|                          (               (
   --.|-.....---       ---       $
    ---.........|--    ----                        /
        --.|....|..----...--
         -----..|....|.....----         ?
             |..|.............--                      )
       %  !  --......---........                                    $
         $    |.)......|...|..(.                             %!% ?(?%!
               ---....-------...                    )
                 |...--  |..|-...|.     ..
                 -----   |Y.|--....       |                 (((
           [          -.---@-----..                         (((         =
       )              . ...f.......     G                  $ ((
                      +-- --------   .
                            (((      ...
                          - $((       )..-                (
                            ()(                                            (

Jamofthetoe the Fighter     St:18/03 Dx:11 Co:15 In:12 Wi:8 Ch:8  Lawful
Dlvl:8  $:190 HP:0(62) Pw:9(9) AC:-8 Xp:6 T:3273 

Latest messages:
 Pick a monster, object or location.
 What do you want to drink? [eknsyG or ?*] ?
 You feel better.
 The owlbear hits!
 The owlbear misses!
 You miss the owlbear.
 The owlbear misses!
 The owlbear misses!
 You miss the owlbear.
 The owlbear misses!
 The owlbear misses!
 You miss the owlbear.
 The owlbear misses!
 The owlbear misses!
 You hit the owlbear!
 The owlbear hits!
 The owlbear hits again!
 You hit the owlbear!
 The owlbear hits!
 The owlbear misses!
 You miss the owlbear.
 The owlbear hits!
 The owlbear misses!
 The owlbear hits!
 The owlbear hits again!
 The owlbear hits!
 The owlbear hits again!
 The owlbear grabs you!
 You cannot escape from the owlbear!
 The owlbear hits!
 The owlbear misses!
 You are being crushed.
 You cannot escape from the owlbear!
 The owlbear hits!
 The owlbear hits again!
 You are being crushed.
 What do you want to drink? [eknsG or ?*] ?
 You detect the presence of objects.
 (For instructions type a '?')
 Done.
 The owlbear hits!
 The owlbear misses!
 You are being crushed.
 You miss the owlbear.
 The owlbear misses!
 The owlbear misses!
 You are being crushed.
 You die...
 Do you want your possessions identified? [ynq] (y) y
 Do you want to see your attributes? [ynq] (y) q

Inventory:
 Coins    ('$')
  $ - 190 gold pieces
 Weapons  (')')
  b - 2 +0 daggers (at the ready)
  a - a +1 dwarvish spear (weapon in right hand)
  w - a thoroughly rusty +0 long sword
 Armor    ('[')
  m - an uncursed +0 orcish helm (being worn)
  z - an uncursed +0 pair of iron shoes (being worn)
  c - an uncursed +3 small shield (being worn)
  p - a blessed +2 cloak of protection (being worn)
  A - an uncursed +0 dwarvish cloak
  i - an uncursed +0 splint mail (being worn)
 Comestibles  ('%')
  d - an uncursed food ration
 Scrolls  ('?')
  t - an uncursed scroll of amnesia
  B - 2 uncursed scrolls of blank paper
  f - an uncursed scroll of create monster
  j - an uncursed scroll of enchant armor
  l - 2 uncursed scrolls of enchant weapon
 Potions  ('!')
  k - an uncursed potion of confusion
  n - an uncursed potion of gain level
  s - an uncursed potion of paralysis
  e - 2 uncursed potions of water
 Wands    ('/')
  D - a wand of secret door detection (0:13)
  F - a wand of secret door detection (0:12)
 Tools    ('(')
  E - 7 uncursed tallow candles

Jamofthetoe the Valkyrie's attributes:

Background:
 You were a Fighter, a level 6 dwarven Valkyrie.
 You were lawful, on a mission for Tyr
 who was opposed by Odin (neutral) and Loki (chaotic).
 You were right-handed.
 You were in the Gnomish Mines, on level 8.
 You entered the dungeon 3273 turns ago.
 You had 528 experience points, 112 more were needed to attain level 7.

Basics:
 You had 0 out of 62 hit points.
 You had all 9 energy points (spell power).
 Your armor class was -8.
 Your wallet contained 190 zorkmids.
 Autopickup was on for '$?!/(' plus thrown, with exceptions.

Final Characteristics:
 Your strength was 18/03 (limit:18/100).
 Your dexterity was 11 (limit:20).
 Your constitution was 15 (limit:20).
 Your intelligence was 12 (limit:16).
 Your wisdom was 8 (limit:16).
 Your charisma was 8 (limit:16).

Final Status:
 You were held by an owlbear (northwest).
 You weren't hungry.
 You were unencumbered.
 You were wielding a spear.
 You had basic skill with spear and could have enhanced that.

Final Attributes:
 You were devoutly aligned.
 You were cold resistant.
 You were telepathic.
 You had infravision.
 You were stealthy.
 You were protected.
 You were unlucky.
 You are dead.

Miscellaneous:
 You encountered 1 bones level.
 Total elapsed playing time was 2 hours, 9 minutes and 6 seconds.

Major events:
 Turn
    1: Jamofthetoe the lawful dwarven Valkyrie entered the dungeon
  806: attained the rank of Skirmisher (level 3)
 2159: entered the Gnomish Mines
 2554: attained the rank of Fighter (level 6)
 3064: reached Mine Town
 3273: killed by an owlbear

You didn't know any spells.

Skills:
 Fighting Skills
   bare handed combat [Unskilled]
   two weapon combat  [Unskilled]
   riding             [Unskilled]
 Weapon Skills
   dagger             [Basic]
   axe                [Unskilled]
   pick-axe           [Unskilled]
   short sword        [Unskilled]
   broadsword         [Unskilled]
   long sword         [Unskilled]
   two-handed sword   [Unskilled]
   saber              [Unskilled]
   hammer             [Unskilled]
   quarterstaff       [Unskilled]
   polearms           [Unskilled]
   spear              [Basic]
   trident            [Unskilled]
   lance              [Unskilled]
   sling              [Unskilled]
 Spellcasting Skills
   attack spells      [Unskilled]
   escape spells      [Unskilled]

Voluntary challenges:
 Character rerolling was not enabled.
 You never genocided any monsters.
 You never polymorphed an object.
 You used no wishes.
Achievements:
 You entered a shop.
 You attained the rank of Skirmisher.
 You entered the Gnomish Mines.
 You attained the rank of Fighter.
 You entered Minetown.

 The Dungeons of Doom: levels 1 to 5
    Level 1:
    Level 2:
       A general store.
    Level 3:
    Level 4:
       A general store, an altar.
       Stairs down to The Gnomish Mines.
    Level 5:
 The Gnomish Mines: levels 5 to 8
    Level 5:
       Final resting place for
          Squidlow-Arc-Hum-Fem-Law, killed by a gecko.
    Level 6:
    Level 7:
    Level 8: <- You were here.
       Final resting place for
          you, killed by an owlbear.


Vanquished creatures:
  3 small mimics
  a large cat
  a spotted jelly
  a leprechaun
  a Green-elf
  a dingo
  3 Mordor orcs
 an orc shaman
  a pony
  a straw golem
  a paper golem
  a giant ant
  a floating eye
  2 dwarves
  2 homunculi
  a kobold leader
  2 hill orcs
  2 rothes
  a giant bat
  4 iguanas
  2 coyotes
  a gas spore
  a hobbit
  7 manes
  a large kobold
  2 hobgoblins
  2 cave spiders
  a yellow mold
  5 gnomes
  2 geckos
  3 jackals
  a fox
  a goblin
  3 sewer rats
  7 grid bugs
  6 lichens
  2 kobold zombies
  6 newts
84 creatures vanquished.

No species were genocided or became extinct.

Game over:
                       ----------
                      /          \
                     /    REST    \
                    /      IN      \
                   /     PEACE      \
                  /                  \
                  |   Jamofthetoe    |
                  |      190 Au      |
                  |   killed by an   |
                  |     owlbear      |
                  |                  |
                  |                  |
                  |       2026       |
                 *|     *  *  *      | *
        _________)/\\_//(\/(/\)/\//\/|_)_______

Farvel Jamofthetoe the Valkyrie...

You died in The Gnomish Mines on dungeon level 8 with 2693 points,
and 190 pieces of gold, after 3273 moves.
You were level 6 with a maximum of 62 hit points when you died.

